 Dungeon Crawl Stone Soup version 0.26-a0-652-gafc20e3620 (webtiles) character file.

Game seed: 5610261062967312309

126 Decritt the Conjurer (level 4, -5/24 HPs)
             Began as a Deep Elf Conjurer on Oct 2, 2020.
             Slain by a gnoll
             ... wielding a +0 whip
              (11 damage)
             ... on level 3 of the Dungeon.
             The game lasted 00:17:44 (2750 turns).

Decritt the Conjurer (Deep Elf Conjurer)            Turns: 2750, Time: 00:17:45

Health: -5/24      AC:  2    Str:  5    XL:     4   Next: 83%
Magic:  9/10       EV: 13    Int: 29    God:
Gold:   202        SH:  0    Dex: 13    Spells: 6/9 levels left

rFire    . . .     SeeInvis .   (no weapon)
rCold    . . .     Faith    +   (no shield)
rNeg     . . .     Spirit   .   a - +0 robe
rPois    .         Reflect  .   (no helmet)
rElec    .         Harm     .   (no cloak)
rCorr    .         Rampage  .   (no gloves)
MR       .....                  (no boots)
Stlth    ++........             e - amulet of faith
HPRegen  0.08/turn              k - +6 ring of intelligence
MPRegen  0.12/turn              (no ring)

@: no status effects
A: no striking features
a: no special abilities


You were on level 3 of the Dungeon.
You visited 1 branch of the dungeon, and saw 3 of its levels.

You collected 202 gold pieces.

Inventory:

Missiles
 h - 22 poisoned darts (quivered)
Armour
 a - a +0 robe (worn)
Jewellery
 e - an amulet of faith (around neck)
 k - a +6 ring of intelligence (left hand)
Scrolls
 b - 3 scrolls of teleportation
 c - a scroll of fear
 d - a scroll of enchant armour {unknown}
 g - a scroll of noise {unknown}
 j - 2 scrolls of remove curse
 m - a scroll of magic mapping {unknown}
 n - a scroll of blinking {unknown}
 o - a scroll of amnesia {unknown}
Potions
 f - 3 potions of flight
 i - a potion of curing {unknown}
 l - a potion of ambrosia


   Skills:
 - Level 2.4 Dodging
 - Level 2.4 Stealth
 - Level 3.0 Spellcasting
 + Level 6.8 Conjurations


You had 6 spell levels left.
You knew the following spells:

 Your Spells              Type           Power        Failure   Level
a - Magic Dart            Conj           ####         1%          1
b - Searing Ray           Conj           #####.       1%          2

Your spell library contained the following spells:

 Spells                   Type           Power        Failure   Level
 Dazzling Flash           Conj/Hex       ###...       5%          3
 Fulminant Prism          Conj/Hex       ###.......   19%         4
 Iskenderun's Mystic Bla  Conj/Tloc      ###.....     19%         4


Dungeon Overview and Level Annotations

Branches:
Dungeon (3/15)

Altars:


Message History

* * * LOW HITPOINT WARNING * * *
The gnoll misses you.
You hit the gnoll but do no damage.
The gnoll is severely wounded.
The gnoll hits you with a +0 whip.
* * * LOW HITPOINT WARNING * * *
The gnoll closely misses you.
You hit the gnoll but do no damage.
The gnoll is severely wounded.
The gnoll hits you but does no damage. The gnoll barely misses you.
Casting: Magic Dart (safe; 1% risk of failure)
Confirm with . or Enter, or press ? or * to list all spells.
Aiming: Magic Dart (safe; 1% risk of failure)
Press: ? - help, Shift-Dir - straight line, f/p - gnoll
Aim: a gnoll (severely wounded)
The magic dart hits the gnoll.
You kill the gnoll!
The gnoll barely misses you. The gnoll hits you with a +0 whip!
You die...

#.####.#####.......# #.#
#.# #.......# #.# #.#
##.###### ######<# #.#
#......) #......# #.#
#.......
#......####.######.......
#......'.##..............
#......#.#########.......
#......#@#### #.......
........#.g†.# ########
.........####.#
.........##...#
....##.....g## ...
#...... #..g... ....#'#
###.#.


You could see a gnoll.

Vanquished Creatures
  3 gnolls (D:3)
  2 adders
  An ooze (D:1)
  A dart slug (D:2)
  2 orcs (D:3)
  A ball python (D:1)
  7 giant cockroaches
  14 hobgoblins
  2 jackals (D:1)
  6 kobolds
  4 bats
  4 frilled lizards
  9 goblins
  9 rats
65 creatures vanquished.

Notes
Turn   | Place    | Note
-------+----------+-------------------------------------------
     0 | D:1      | Decritt the Deep Elf Conjurer began the quest for the Orb.
     0 | D:1      | Reached XP level 1. HP: 10/10 MP: 6/6
   280 | D:1      | Reached XP level 2. HP: 15/15 MP: 4/8
   287 | D:1      | Reached skill level 5 in Conjurations
   670 | D:1      | Reached XP level 3. HP: 19/19 MP: 6/9
  1286 | D:2      | Reached skill level 6 in Conjurations
  1712 | D:2      | Reached XP level 4. HP: 24/24 MP: 8/10
  2246 | D:3      | Learned a level 2 spell: Searing Ray
  2750 | D:3      | Slain by a gnoll

Illustrated notes

Levels and vault maps discovered:
D:1:      dpeg_arrival_simpleton_b, layout_loops_cross, nrook_mini_backslash
D:2:      layout_loops_ring
D:3:      layout_basic

Skill      XL: |  1  2  3 |
---------------+----------+-----
Conjurations   | 5 6 |  6.8
Dodging        | |  2.4
Stealth        | |  2.4
Spellcasting   | |  3.0

Action                   |  1- 3 |  4- 6 || total
-------------------------+-------+-------++-------
Melee: Unarmed           |     2 |    11 ||    13
 Cast: Magic Dart        |    85 |    36 ||   121
       Searing Ray       |       |     3 ||     3
  Use: Scroll            |       |     6 ||     6
       Potion            |       |     1 ||     1
Armor: Robe              |     5 |     3 ||     8
Dodge: Dodged            |    18 |    23 ||    41

Table legend: (Time is in decaauts)
 A = Elapsed time spent in this place.
 B = Non-inter-level travel time spent in this place.
 C = Inter-level travel time spent in this place.
 D = Time resting spent in this place.
 E = Time spent auto-exploring this place.
 F = Levels seen in this place.
 G = Mean time per level.
                   A        B        C        D        E       F      G
               +--------+--------+--------+--------+--------+-----+--------+
         Total |   2748 |   2715 |     33 |    247 |   1961 |   3 |  916.0 |
       Dungeon |   2748 |   2715 |     33 |    247 |   1961 |   3 |  916.0 |
               +--------+--------+--------+--------+--------+-----+--------+

Top non-repeatable levels by time:
     D:1: 1144 daAuts
     D:2: 912 daAuts
     D:3: 691 daAuts
